 Dungeon Crawl Stone Soup version 0.21-a0-346-g330ab2c (webtiles) character file.

14946 Amnesiac the Geomancer (level 12, -1/89 HPs)
             Began as a Gnoll Earth Elementalist on Oct 5, 2017.
             Was a Priest of Ashenzari.
             Slain by an ogre
             ... wielding a +0 giant spiked club
              (6 damage)
             ... on level 1 of the Orcish Mines.
             The game lasted 00:36:34 (12014 turns).

Amnesiac the Geomancer (Gnoll Earth Elementalist)  Turns: 12014, Time: 00:36:35

Health: -1/89      AC:  9    Str: 11    XL:     12   Next: 21%
Magic:  0/24       EV: 18    Int: 24    God:    Ashenzari [***...]
Gold:   122        SH: 12    Dex: 17    Spells: 6/28 levels left

rFire    + + .     SeeInvis +   b - +2 scimitar (elec)
rCold    + + .     Gourm    .   J - +2 buckler {rC+ rF+} (curse)
rNeg     + . .     Faith    .   Q - +1 robe {rC+ rF+}
rPois    .         Spirit   +   c - +0 helmet
rElec    +         Reflect  +   X - scarf {Spirit}
rCorr    +         Harm     .   C - +0 pair of gloves
MR       +....                  k - +2 pair of boots
Stlth    ++++......             l - +3 amulet of reflection (curse)
HPRegen  0.24/turn              B - ring "Leufaqy" {rCorr rElec rN+ Int+3} (curse)
MPRegen  0.19/turn              F - ring of protection from magic (curse)

@: no status effects
A: distributed training, fangs 1, strong nose
a: Curse Item, Scrying, Renounce Religion


You were on level 1 of the Orcish Mines.
You worshipped Ashenzari.
Ashenzari was most pleased with you.
You were very hungry.

You visited 4 branches of the dungeon, and saw 14 of its levels.

You collected 659 gold pieces.
You spent 537 gold pieces at shops.

Inventory:

Hand Weapons
 a - a +1 dagger of protection
 b - a +2 scimitar of electrocution (weapon)
 f - a +4 scimitar of flaming
Missiles
 s - 5 needles of confusion
 P - a throwing net
Armour
 c - a +0 helmet (worn)
 e - the +2 shield of Resistance {rF+ rC+ MR+}
   (You found it on level 9 of the Dungeon)

   It protects you from fire.
   It protects you from cold.
   It affects your resistance to hostile enchantments.
 k - a +2 pair of boots (worn)
 C - a +0 pair of gloves (worn)
 J - a cursed +2 buckler of resistance (worn)
 Q - a +1 robe of resistance (worn)
 X - a scarf of spirit shield (worn)
Jewellery
 l - a cursed +3 amulet of reflection (around neck)
 B - the cursed ring "Leufaqy" (left hand) {rCorr rElec rN+ Int+3}
   (You found it on level 6 of the Dungeon)

   [ring of resist corrosion]

   It affects your intelligence (+3).
   It insulates you from electricity.
   It protects you from negative energy.
   It has a curse placed upon it.
 F - a cursed ring of protection from magic (right hand)
Wands
 r - a wand of confusion (12/48)
 Y - a wand of lightning (7/15)
Scrolls
 g - 4 scrolls of identify {!r}
 i - 5 scrolls of enchant armour {!r}
 j - 8 scrolls of teleportation {!r}
 m - 4 scrolls of magic mapping {!r}
 n - 2 scrolls of enchant weapon {!r}
 p - a scroll of silence {!r, unknown}
 A - 4 scrolls of fear {!r}
 D - 4 scrolls of recharging {!r}
 H - a scroll of blinking {!r}
 W - 3 scrolls of remove curse {!r}
Potions
 h - 7 potions of curing {!q}
 t - a potion of invisibility {!q}
 u - 3 potions of flight {!q}
 v - a potion of berserk rage {!q, unknown}
 G - 4 potions of brilliance {!q, unknown}
 K - 2 potions of lignification {!q}
 L - 2 potions of cancellation {!q}
 O - 2 potions of degeneration {!q}
 R - 2 potions of heal wounds {!q}
 S - 2 potions of haste {!q}
Comestibles
 d - 8 bread rations
 q - 2 fruits
 w - 10 royal jellies
 E - 7 meat rations


   Skills:
 + Level 6.9 Fighting
 + Level 6.9 Short Blades
 + Level 6.9 Long Blades
 + Level 6.9 Axes
 + Level 6.9 Maces & Flails
 + Level 6.9 Polearms
 + Level 6.9 Staves
 + Level 6.9 Slings
 + Level 6.9 Bows
 + Level 6.9 Crossbows
 + Level 6.9 Throwing
 + Level 6.9 Armour
 + Level 8.4 Dodging
 + Level 8.2 Stealth
 + Level 6.9(8.9) Shields
 + Level 6.9 Unarmed Combat
 + Level 8.6 Spellcasting
 + Level 6.9(9.9) Conjurations
 + Level 6.9(9.9) Hexes
 + Level 6.9(9.9) Charms
 + Level 6.9(9.9) Summonings
 + Level 6.9(9.9) Necromancy
 + Level 6.9(9.9) Translocations
 + Level 7.5(10.4) Transmutations
 + Level 6.9(9.9) Fire Magic
 + Level 6.9(9.9) Ice Magic
 + Level 6.9(9.9) Air Magic
 + Level 9.6(12.3) Earth Magic
 + Level 6.9(9.9) Poison Magic
 + Level 6.9 Invocations
 + Level 6.9(9.9) Evocations


You had 6 spell levels left.
You knew the following spells:

 Your Spells              Type           Power        Failure   Level  Hunger
a - Cause Fear            Hex            ######....   1%          4    ##.....
b - Passwall              Tmut/Erth      ######....   1%          2    None
c - Airstrike             Air            ######....   1%          4    ##.....
d - Lee's Rapid Deconstr  Erth           ######....   1%          5    ####...
e - Petrify               Tmut/Erth      ######..     1%          4    ##.....
r - Regeneration          Chrm/Necr      ######....   1%          3    None


Dungeon Overview and Level Annotations

Branches:
Dungeon (11/15)            Temple (1/1) D:7            Lair (1/6) D:10
    Orc (1/2) D:11

Altars:
Ashenzari
Cheibriados
Dithmenos
Elyvilon
Hepliaklqana
Makhleb
Nemelex Xobeh
Okawaru
Qazlal
Ru
Sif Muna
Trog
Uskayaw
Vehumet
Wu Jian
Xom
Beogh

Shops:
D:4 [?   D:5 :   Orc:1 =


Innate Abilities, Weirdness & Mutations

Your experience applies equally to all skills.
You have very sharp teeth.
Your uncanny sense of smell can sniff out nearby items.


Message History

The ogre hits you with a giant club.
* * * LOW HITPOINT WARNING * * *
The orc wizard gestures wildly while chanting.
The orc wizard blinks!
You block the troll's attack. The troll barely misses you.
The troll claws you but does no damage. The ogre hits you with a giant club!
* * * LOW HITPOINT WARNING * * *
Found 2 stones and a large rock.
Okay, then.
The orc priest calls down the wrath of Beogh upon you.
Beogh smites you!
* * * LOW HITPOINT WARNING * * *
Found a stone.
Really quaff
R - 3 potions of heal wounds {!q}?
You feel much better.
The orc priest miscasts a cantrip.
The orc wizard casts a spell.
The orc wizard seems to speed up.
You block the orc priest's attack.
Casting: Lee's Rapid Deconstruction
Confirm with . or Enter, or press ? or * to list all spells.
Okay, then.
The orc priest begins to cast a cantrip, but forgets the words!
You hear a distant blaring wail to the south.
The troll bites you but does no damage. The troll claws you but does no damage.
You block the troll's attack. The orc wizard barely misses you.
Your +1 dagger of protection goes still.
You hear the crackle of electricity.
b - a +2 scimitar of electrocution (weapon)
You block the orc wizard's attack.
The orc wizard gestures wildly while chanting.
The orc wizard blinks!
The orc wizard casts a spell.
The orc wizard seems to speed up.
You block the troll's attack. The troll claws you.
* * * LOW HITPOINT WARNING * * *
The troll claws you but does no damage. The orc priest barely misses you.
Found 3 stones.
You barely miss the orc priest.
The orc wizard gestures at you while chanting.
The magic dart hits you!
* * * LOW HITPOINT WARNING * * *
The orc wizard gestures at you while chanting.
The magic dart hits you!
* * * LOW HITPOINT WARNING * * *
You block the troll's attack. The troll barely misses you. x2
You block the orc priest's attack.
An ogre comes into view. It is wielding a giant spiked club.
The ogre shouts!
You block the orc wizard's attack.
The orc wizard hits you but does no damage.
The orc wizard misses you.
You riposte.
You barely miss the orc wizard.
The orc wizard gestures wildly while chanting.
The orc wizard blinks!
The orc wizard casts a spell at you. The magic dart hits you!
* * * LOW HITPOINT WARNING * * *
Okay, then.
The orc priest calls down the wrath of Beogh upon you.
Beogh smites you!
* * * LOW HITPOINT WARNING * * *
The ogre hits you with a giant spiked club.
You die...

### *#....
##.####.......#.,
##....#.........#* . ,
###............(..##.*
..#.8.#......((.(...,
(.#....##.#.(((((.#*
(.+.8....(...o.((.#* *
..#(...))....(OO..# ,
* ..#.8..#)..#.§To@#
###(......#.oo####
##.#........## *
#............#
##.##.......##
######.....# ###
##.#.## ##.## #####
#...### ##..)#.


You could see a troll, 2 ogres, 2 orc priests and 2 orc wizards.

Vanquished Creatures
  2 fire dragons (D:9)
  2 ice dragons (D:9)
  Erica (D:10)
  3 two-headed ogres
  The ghost of Syneil the Fighter, a novice OgHu (D:6)
  An unseen horror (D:11)
  A cyclops (D:11)
  A gargoyle (D:10)
  A komodo dragon (Lair:1)
  A troll (D:9)
  Prince Ribbit (D:8)
  2 hippogriffs
  A shadow (D:11)
  Eustachio (D:4)
  4 yaks (D:11)
  4 hogs (D:7)
  A human (D:7)
  Grum (D:8)
  A warg (Orc:1)
  A black bear (D:8)
  3 sky beasts
  2 eyes of draining (D:4)
  5 orc warriors
  4 ice beasts
  10 wolves
  4 centaurs
  3 ogres
  3 bullfrogs
  A big kobold (D:11)
  A wyvern zombie (D:8)
  A water moccasin zombie (D:7)
  A wyvern skeleton (D:10)
  3 scorpions
  5 wights (D:9)
  A quasit (D:8)
  2 bullfrog zombies
  Crazy Yiuf (D:4)
  4 crimson imps
  5 orc priests
  9 hounds
  A jelly (D:7)
  A centaur zombie (D:5)
  6 orc wizards
  3 centaur skeletons
  2 bullfrog skeletons
  2 iguanas
  6 worker ants
  Terence (D:2)
  A hound zombie (D:10)
  A worker ant zombie (D:9)
  Robin (D:2)
  15 adders
  A gnoll (D:1)
  2 shadow imps
  2 oozes
  3 worms
  4 leopard geckos
  49 orcs
  4 giant cockroaches
  14 goblins
  8 hobgoblins
  13 jackals
  5 quokkas
  A ball python skeleton (D:4)
  6 bats
  12 frilled lizards
  A jackal skeleton (D:8)
  20 kobolds
  A quokka skeleton (D:4)
  4 rats
289 creatures vanquished.

Notes
Turn   | Place    | Note
-------+----------+-------------------------------------------
     0 | D:1      | Amnesiac the Gnoll Earth Elementalist began the quest for the Orb.
     0 | D:1      | Reached XP level 1. HP: 13/13 MP: 6/6
    47 | D:2      | Reached XP level 2. HP: 19/19 MP: 7/7
    54 | D:2      | Learned a level 2 spell: Passwall
   109 | D:2      | Noticed Terence
   354 | D:3      | Reached skill level 5 in Spellcasting
   354 | D:3      | Reached XP level 3. HP: 25/25 MP: 7/9
   507 | D:3      | Found a hazy altar of Hepliaklqana.
   543 | D:4      | Found Puqez's Magic Scroll Shoppe.
   553 | D:4      | Noticed a scorpion
   562 | D:4      | Noticed an ogre
   563 | D:4      | Killed a scorpion
   563 | D:4      | Reached skill level 1 in Fighting
   563 | D:4      | Reached skill level 1 in Short Blades
   563 | D:4      | Reached skill level 1 in Long Blades
   563 | D:4      | Reached skill level 1 in Axes
   563 | D:4      | Reached skill level 1 in Maces & Flails
   563 | D:4      | Reached skill level 1 in Polearms
   563 | D:4      | Reached skill level 1 in Staves
   563 | D:4      | Reached skill level 1 in Slings
   563 | D:4      | Reached skill level 1 in Bows
   563 | D:4      | Reached skill level 1 in Crossbows
   563 | D:4      | Reached skill level 1 in Throwing
   563 | D:4      | Reached skill level 1 in Armour
   563 | D:4      | Reached skill level 1 in Shields
   563 | D:4      | Reached skill level 1 in Unarmed Combat
   563 | D:4      | Reached skill level 1 in Conjurations
   563 | D:4      | Reached skill level 1 in Hexes
   563 | D:4      | Reached skill level 1 in Charms
   563 | D:4      | Reached skill level 1 in Summonings
   563 | D:4      | Reached skill level 1 in Necromancy
   563 | D:4      | Reached skill level 1 in Translocations
   563 | D:4      | Reached skill level 1 in Fire Magic
   563 | D:4      | Reached skill level 1 in Ice Magic
   563 | D:4      | Reached skill level 1 in Air Magic
   563 | D:4      | Reached skill level 1 in Poison Magic
   563 | D:4      | Reached skill level 1 in Invocations
   563 | D:4      | Reached skill level 1 in Evocations
   563 | D:4      | Reached XP level 4. HP: 32/32 MP: 6/11
   567 | D:4      | Killed an ogre
   567 | D:4      | Reached XP level 5. HP: 8/37 MP: 3/12
   574 | D:4      | Learned a level 4 spell: Petrify
   580 | D:4      | Learned a level 5 spell: Lee's Rapid Deconstruction
   838 | D:4      | Reached XP level 6. HP: 44/44 MP: 7/13
   932 | D:4      | Found Gick's Antique Armour Boutique.
  1022 | D:4      | Reached skill level 5 in Dodging
  1031 | D:3      | Found a sacrificial altar of Ru.
  1181 | D:4      | Noticed Eustachio
  1321 | D:4      | Found a burning altar of Makhleb.
  1405 | D:4      | Found a bloodstained altar of Trog.
  1406 | D:4      | Noticed an eye of draining
  1406 | D:4      | Noticed an eye of draining
  1431 | D:4      | Killed an eye of draining
  1438 | D:4      | Reached XP level 7. HP: 50/50 MP: 0/15
  1464 | D:4      | Reached skill level 7 in Earth Magic
  1634 | D:4      | Got a crystal mace
  1637 | D:4      | Found a runed door.
  1795 | D:5      | Entered Level 5 of the Dungeon
  1850 | D:5      | Found Ublimaro's Book Emporium.
  2093 | D:5      | Reached skill level 5 in Stealth
  2250 | D:5      | Reached XP level 8. HP: 40/57 MP: 2/16
  2473 | D:6      | Found a shadowy altar of Dithmenos.
  2475 | D:6      | Found a bloodstained altar of Trog.
  2476 | D:6      | Found a stormy altar of Qazlal.
  2527 | D:6      | Noticed Syneil's ghost (novice OgHu)
  2529 | D:6      | Got a warped ivory ring
  2789 | D:6      | Killed Syneil's ghost
  2871 | D:6      | Found a deep blue altar of Sif Muna.
  2981 | D:6      | Found a radiant altar of Vehumet.
  3030 | D:7      | Found an iron altar of Okawaru.
  3037 | D:7      | Noticed a hippogriff
  3048 | D:7      | Killed a hippogriff
  3048 | D:7      | Reached XP level 9. HP: 61/65 MP: 7/18
  3056 | D:7      | Found a shattered altar of Ashenzari.
  3071 | D:7      | Became a worshipper of Ashenzari the Shackled
  3071 | D:7      | Identified the ring "Leufaqy" {rCorr rElec rN+ Int+3} (You found it on level 6 of the Dungeon)
  3461 | D:2      | Killed Terence
  4459 | D:2      | Killed Robin
  5195 | D:4      | Noticed Crazy Yiuf
  5199 | D:4      | Killed Crazy Yiuf
  5298 | D:4      | Killed Eustachio
  5405 | D:4      | Bought a shiny buckler for 210 gold pieces
  5405 | D:4      | Bought an embroidered robe for 103 gold pieces
  5486 | D:7      | Found a staircase to the Ecumenical Temple.
  5645 | D:7      | Reached skill level 5 in Transmutations
  5821 | D:7      | Reached skill level 8 in Earth Magic
  6012 | D:7      | Found a white marble altar of Elyvilon.
  6088 | D:7      | Reached * piety under Ashenzari
  6162 | D:8      | Noticed Prince Ribbit
  6185 | D:8      | Killed Prince Ribbit
  6185 | D:8      | Reached XP level 10. HP: 73/73 MP: 17/20
  6253 | D:8      | Noticed Grum
  6282 | D:8      | Killed Grum
  6366 | D:8      | Found a hide-covered altar of Uskayaw.
  6374 | D:8      | Reached skill level 5 in Fighting
  6374 | D:8      | Reached skill level 5 in Short Blades
  6374 | D:8      | Reached skill level 5 in Long Blades
  6374 | D:8      | Reached skill level 5 in Axes
  6374 | D:8      | Reached skill level 5 in Maces & Flails
  6374 | D:8      | Reached skill level 5 in Polearms
  6374 | D:8      | Reached skill level 5 in Staves
  6374 | D:8      | Reached skill level 5 in Slings
  6374 | D:8      | Reached skill level 5 in Bows
  6374 | D:8      | Reached skill level 5 in Crossbows
  6374 | D:8      | Reached skill level 5 in Throwing
  6374 | D:8      | Reached skill level 5 in Armour
  6374 | D:8      | Reached skill level 5 in Shields
  6374 | D:8      | Reached skill level 5 in Unarmed Combat
  6374 | D:8      | Reached skill level 5 in Conjurations
  6374 | D:8      | Reached skill level 5 in Hexes
  6374 | D:8      | Reached skill level 5 in Charms
  6374 | D:8      | Reached skill level 5 in Summonings
  6374 | D:8      | Reached skill level 5 in Necromancy
  6374 | D:8      | Reached skill level 5 in Translocations
  6374 | D:8      | Reached skill level 5 in Fire Magic
  6374 | D:8      | Reached skill level 5 in Ice Magic
  6374 | D:8      | Reached skill level 5 in Air Magic
  6374 | D:8      | Reached skill level 5 in Poison Magic
  6374 | D:8      | Reached skill level 5 in Invocations
  6374 | D:8      | Reached skill level 5 in Evocations
  6890 | D:9      | Found a snail-covered altar of Cheibriados.
  6912 | D:9      | Found a runed door.
  6912 | D:9      | Found a runed door.
  6912 | D:9      | Noticed an ice dragon
  6912 | D:9      | Noticed a fire dragon
  6912 | D:9      | Noticed a fire dragon
  6913 | D:9      | Found the +2 shield of Resistance {rF+ rC+ MR+}
  6916 | D:9      | Noticed an ice dragon
  7274 | D:9      | Found a roughly hewn altar of Beogh.
  7461 | D:9      | Found a shimmering altar of Xom.
  7669 | D:9      | Learned a level 4 spell: Airstrike
  7691 | D:9      | Got the uncursed chain mail "Zaixkonu" {rN+ MR+ Dex+4}
  7786 | D:9      | Reached ** piety under Ashenzari
  8070 | D:9      | Killed an ice dragon
  8392 | D:9      | Killed a fire dragon
  8392 | D:9      | Reached XP level 11. HP: 66/81 MP: 10/22
  8472 | D:9      | Killed a fire dragon
  8605 | D:9      | Found a shimmering altar of Xom.
  8853 | D:9      | Found a roughly hewn altar of Beogh.
  8920 | D:9      | Found a snail-covered altar of Cheibriados.
  9485 | D:10     | Entered Level 10 of the Dungeon
  9485 | D:10     | Noticed a two-headed ogre
  9487 | D:10     | Reached skill level 9 in Earth Magic
  9504 | D:9      | Killed a two-headed ogre
  9578 | D:9      | Killed an ice dragon
  9738 | D:4      | Bought a runed scarf for 224 gold pieces
  9877 | Temple   | Entered the Ecumenical Temple
  9948 | D:10     | Noticed Erica
 10010 | D:10     | Killed Erica
 10152 | D:10     | Noticed a two-headed ogre
 10169 | D:10     | Killed a two-headed ogre
 10269 | D:10     | Found a staircase to the Lair.
 10384 | D:10     | Got the glaive of Corporal Punishment {chop, Dex+2}
 10736 | D:10     | Noticed a two-headed ogre
 10745 | D:10     | Killed a two-headed ogre
 10800 | Lair:1   | Entered Level 1 of the Lair of Beasts
 11056 | D:11     | Found a staircase to the Orcish Mines.
 11161 | D:11     | Killed an unseen horror
 11161 | D:11     | Reached XP level 12. HP: 41/89 MP: 1/24
 11309 | D:11     | Learned a level 3 spell: Regeneration
 11448 | D:11     | Reached *** piety under Ashenzari
 11687 | D:11     | Learned a level 4 spell: Cause Fear
 11822 | Orc:1    | Entered Level 1 of the Orcish Mines
 11823 | Orc:1    | Found Kifruwk's Jewellery Emporium.
 12014 | Orc:1    | Slain by an ogre

Vault maps used:
D:1:      lemuel_arrival_muddy, corexii_leaking_fountain
D:2:      due_unseen_surprise, uniq_terence, uniq_robin
D:3:      nicolae_overflow_hidden_temple, nicolae_overflow_crystal_walls,
          serial_corexii_hall, corexii_hall_statues_s, corexii_hall_statues_i
D:4:      kennysheep_little_box, serial_shops, kennysheep_mini, shop,
          first_bread, trog_eyes_of_draining, uniq_eustachio,
          uniq_crazy_yiuf_cottage
D:5:      serial_shops, shop
D:6:      lemuel_blue_sif_altar, grunt_temple_overflow_open, basic_altar
D:7:      okawaru_metal_pillars_1_2, ashenzari_conservatory_becter,
          marbit_many_paths, minmay_temple_entry_glass, grunt_livestock
D:8:      overflow_temple_1_default, uniq_grum, uniq_prince_ribbit1
D:9:      old_standard_altar, lemuel_round_altar, special_room,
          minmay_guarded_unrand_resistance
D:10:     lair_entry_dummy, uniq_erica
D:11:     orc_0_dummy
Temple:   compressed_dpeg_triangle_lava_temple
Lair:1:   infiniplex_staircase_pool_2, uniq_fannar, uniq_gastronok
Orc:1:    serial_shops, shop, nicolae_orc_sculptors_studio, nicolae_orc_rockfall

Skill      XL: |  1  2  3  4  5  6  7  8  9 10 11 |
---------------+----------------------------------+-----
Spellcasting   | 5 6 7 8 |  8.6
Fighting       | 1 2 3 4 5 6 |  6.9
Short Blades   | 1 2 3 4 5 6 |  6.9
Long Blades    | 1 2 3 4 5 6 |  6.9
Axes           | 1 2 3 4 5 6 |  6.9
Maces & Flails | 1 2 3 4 5 6 |  6.9
Polearms       | 1 2 3 4 5 6 |  6.9
Staves         | 1 2 3 4 5 6 |  6.9
Slings         | 1 2 3 4 5 6 |  6.9
Bows           | 1 2 3 4 5 6 |  6.9
Crossbows      | 1 2 3 4 5 6 |  6.9
Throwing       | 1 2 3 4 5 6 |  6.9
Armour         | 1 2 3 4 5 6 |  6.9
Shields        | 1 2 3 4 5 6 |  6.9
Unarmed Combat | 1 2 3 4 5 6 |  6.9
Conjurations   | 1 2 3 4 5 6 |  6.9
Hexes          | 1 2 3 4 5 6 |  6.9
Charms         | 1 2 3 4 5 6 |  6.9
Summonings     | 1 2 3 4 5 6 |  6.9
Necromancy     | 1 2 3 4 5 6 |  6.9
Translocations | 1 2 3 4 5 6 |  6.9
Fire Magic     | 1 2 3 4 5 6 |  6.9
Ice Magic      | 1 2 3 4 5 6 |  6.9
Air Magic      | 1 2 3 4 5 6 |  6.9
Poison Magic   | 1 2 3 4 5 6 |  6.9
Invocations    | 1 2 3 4 5 6 |  6.9
Evocations     | 1 2 3 4 5 6 |  6.9
Transmutations | 3 4 5 6 7 |  7.5
Dodging        | 5 6 7 8 |  8.4
Earth Magic    | 7 8 9 |  9.6
Stealth        | 5 6 7 8 |  8.2

Action                   |  1- 3 |  4- 6 |  7- 9 | 10-12 || total
-------------------------+-------+-------+-------+-------++-------
Melee: Dagger            |    17 |    42 |   270 |   174 ||   503
       Bite              |       |     8 |    25 |    38 ||    71
       Punch             |       |       |     7 |       ||     7
       Short sword       |       |       |       |    44 ||    44
       Scimitar          |       |       |       |    48 ||    48
 Cast: Sandblast         |    15 |    10 |    45 |    54 ||   124
       Passwall          |    12 |     6 |    21 |    20 ||    59
       Petrify           |       |     2 |    28 |    58 ||    88
       Lee's Rapid Decon |       |     2 |    10 |    18 ||    30
       Airstrike         |       |       |       |     5 ||     5
       Regeneration      |       |       |       |     1 ||     1
Invok: Curse Item        |       |       |     3 |       ||     3
  Use: Scroll            |       |       |       |    19 ||    19
       Potion            |       |       |       |     2 ||     2
 Stab: Sleeping          |     8 |     6 |    31 |    16 ||    61
       Petrifying        |       |     1 |     1 |    14 ||    16
       Petrified         |       |       |    28 |    58 ||    86
  Eat: Chunk             |       |     2 |    17 |    19 ||    38
       Bread ration      |       |       |     1 |       ||     1
       Fruit             |       |       |       |     5 ||     5
       Royal jelly       |       |       |       |     1 ||     1
Armor: Robe              |       |     3 |    25 |    37 ||    65
       Animal skin       |       |       |     2 |       ||     2
Dodge: Dodged            |    10 |    20 |   127 |   154 ||   311
Block: Buckler           |       |       |    18 |   137 ||   155
       Other             |       |       |    16 |       ||    16
       Reflection        |       |       |     1 |     7 ||     8
       Rpst.: Scimitar   |       |       |       |     5 ||     5

Table legend:
 A = Spawn XP
 B = Non-spawn XP
 C = Spawn XP percentage of total XP
 D = Spawn monster count
 E = Non-spawn monster count
 F = Spawn count percentage of total count
 G = Total turns spent on level
                    A         B        C        D         E        F      G
               +---------+---------+-------+---------+---------+-------+---------
         Total |       0 |   21352 |   0.0 |       0 |     289 |   0.0 | 12014
               +---------+---------+-------+---------+---------+-------+---------
           D:1 |       0 |      50 |   0.0 |       0 |      21 |   0.0 |   689
           D:2 |       0 |     143 |   0.0 |       0 |      41 |   0.0 |  1151
           D:3 |       0 |     104 |   0.0 |       0 |      17 |   0.0 |   635
           D:4 |       0 |     934 |   0.0 |       0 |      26 |   0.0 |  1607
           D:5 |       0 |     466 |   0.0 |       0 |      18 |   0.0 |   777
           D:6 |       0 |    1100 |   0.0 |       0 |      11 |   0.0 |   455
           D:7 |       0 |    1658 |   0.0 |       0 |      18 |   0.0 |  1044
           D:8 |       0 |    1797 |   0.0 |       0 |      29 |   0.0 |   633
           D:9 |       0 |    6566 |   0.0 |       0 |      48 |   0.0 |  2879
          D:10 |       0 |    4787 |   0.0 |       0 |      24 |   0.0 |  1088
          D:11 |       0 |    3021 |   0.0 |       0 |      28 |   0.0 |   833
        Lair:1 |       0 |     338 |   0.0 |       0 |       1 |   0.0 |    29
         Orc:1 |       0 |     388 |   0.0 |       0 |       7 |   0.0 |   192
               +---------+---------+-------+---------+---------+-------+---------
